 Dungeon Crawl Stone Soup version 0.29.1-1-gd02db6906a (webtiles) character file.

Game seed: 13199532264359474414

345 Demigod47 the Covered (level 6, 0/53 HPs)
             Began as a Minotaur Fighter on Oct 7, 2022.
             Was an Initiate of Okawaru.
             Slain by Dowan
             ... wielding a +0 dagger
              (6 damage)
             ... on level 3 of the Dungeon.
             The game lasted 00:09:11 (4050 turns).

Demigod47 the Covered (Minotaur Fighter)            Turns: 4050, Time: 00:09:11

Health: 0/53       AC:  0    Str: 26    XL:     6   Next: 32%
Magic:  0/5        EV: 14    Int:  4    God:    Okawaru [......]
Gold:   249        SH:  0    Dex:  9    Spells: 5/5 levels left

rFire   . . .      SeeInvis .   (weapon currently unavailable)
rCold   . . .      Faith    .   (shield currently unavailable)
rNeg    . . .      Spirit   +   (body armour currently unavailable)
rPois   .          Reflect  .   (helmet currently unavailable)
rElec   .          Harm     .   (cloak currently unavailable)
rCorr   .          Rampage  .   (gloves currently unavailable)
Will    .....                   (boots currently unavailable)
Stlth   +.........              o - amulet of guardian spirit
HPRegen 0.17/turn               (ring currently unavailable)
MPRegen 0.09/turn               (ring currently unavailable)

@: pig-form, very quick
A: fast, no casting, small, (horns 2), (retaliatory headbutt), (talons 1),
strong 1
a: Renounce Religion


You were on level 3 of the Dungeon.
You worshipped Okawaru.
Okawaru was noncommittal.
You were a filthy swine.
You visited 1 branch of the dungeon, and saw 4 of its levels.

You collected 249 gold pieces.

Inventory:

Hand Weapons
 a - a +0 flail (melded)
 j - a +1 vampiric hand axe
Missiles
 d - a throwing net (quivered)
Armour
 b - a +0 scale mail (melded)
 c - a +0 buckler (melded)
 e - a +2 pair of gloves of infusion (melded)
 n - a +0 cloak (melded)
Jewellery
 g - a ring of fire (melded)
 h - a +6 ring of intelligence (melded)
 o - an amulet of guardian spirit (around neck)
Wands
 i - a wand of flame (48)
 k - a wand of polymorph (9)
Scrolls
 f - a scroll of enchant armour
 p - a scroll of amnesia
Potions
 l - a potion of curing


   Skills:
 + Level 4.5 Fighting
 + Level 4.8 Maces & Flails
 + Level 5.6 Armour
 + Level 1.9 Dodging
 + Level 0.7 Stealth
 + Level 4.6 Shields


You had 5 spell levels left.
You didn't know any spells.
Your spell library contained the following spells:

 Spells                   Type           Power      Damage    Failure   Level
 Apportation              Tloc           0%         N/A       50%         1
 Necrotise                Necr           0%         1d4       50%         1
 Gell's Gravitas          Tloc           0%         N/A       86%         3
 Portal Projectile        Hex/Tloc       0%         N/A       86%         3
 Teleport Other           Tloc           0%         N/A       86%         3
 Leda's Liquefaction      Hex/Erth       0%         N/A       99%         4
 Dispersal                Tloc           0%         N/A       100%        6
 Summon Small Mammal      Summ           Unusable   N/A       N/A         1
 Call Canine Familiar     Summ           Unusable   N/A       N/A         3

Dungeon Overview and Level Annotations

Branches:
Dungeon (4/15)
 Temple: D:4-7

Altars:
Okawaru

Annotations:
D:3 Dowan


Innate Abilities, Weirdness & Mutations

You are a filthy swine.
You move quickly.
Your equipment is almost entirely melded.
You are incapable of wielding weapons or throwing items.
You cannot cast spells.
((You have a pair of horns on your head.))
((You reflexively headbutt those who attack you in melee.))
((You have sharp toenails.))
Your muscles are strong. (Str +4, Int/Dex -1)


Message History

Dowan hits you with a +0 dagger.
* * * LOW HITPOINT WARNING * * *
Dowan hits you but does no damage. x2
Dowan hits you but does no damage.
Dowan shakes with grief.
Dowan hits you but does no damage. Dowan barely misses you.
Dowan gestures wildly while chanting.
Dowan blinks!
Dowan mumbles some strange words.
Dowan blinks!
Dowan mumbles some strange words.
Dowan blinks!
Dowan breathes, "And she was my only..."
You feel less wooden.
Your +0 cloak unmelds from your body.
Your +2 pair of gloves of infusion unmelds from your body.
Your +0 scale mail unmelds from your body.
You feel magic pooling in your hands.
Dowan zaps a wand.
You resist with some effort. Dowan gestures at you while chanting.
The stone arrow hits you!
* * * LOW HITPOINT WARNING * * *
Dowan zaps a wand.
You turn into a filthy swine.
Your +0 flail melds into your body.
Your +0 cloak melds into your body.
Your +2 pair of gloves of infusion melds into your body.
Your +0 buckler melds into your body.
Your +0 scale mail melds into your body.
Your ring of fire melds into your body.
Your +6 ring of intelligence melds into your body.
You feel magic leave your hands.
You feel stupid.
The now-empty wand crumbles to dust.
You see here a howler monkey skeleton.
Things that are here:
a +0 leather armour; a +0 rapier Dowan casts a spell.
Dowan blinks!
There is a stone staircase leading down, spattered with blood here.
Dowan hits you with a +0 dagger!
You die...

### ##.## ##...##
##.....#####
#......§..÷############
##.....###[he.........#
########...###############.#
........#.###..........>...#
.....##.#.#
#..#######.###.######
........#.###..# #.#
#....... .###.##...<....#
#.# #.##....
...............### #.#
#.##.### .#...............#
#.# #.##.###
.#.#.##.....#.##.# #.#
#.##.##.


You could see Dowan (fast).

Vanquished Creatures
  Duvessa (D:3)
  A howler monkey (D:3)
  2 orc wizards (D:3)
  2 adders (D:2)
  4 gnolls (D:3)
  2 worms
  2 dart slugs
  5 orcs (D:3)
  9 ball pythons
  5 endoplasms
  2 giant cockroaches
  10 goblins
  9 hobgoblins
  6 jackals (D:1)
  3 quokkas
  5 bats
  4 frilled lizards
  7 kobolds
  3 rats (D:2)
82 creatures vanquished.

Notes
Turn   | Place    | Note
-------+----------+-------------------------------------------
     0 | D:1      | Demigod47 the Minotaur Fighter began the quest for the Orb.
     0 | D:1      | Reached XP level 1. HP: 19/19 MP: 0/0
     3 | D:1      | Noticed an electric eel
     4 | D:1      | Noticed an electric eel
   105 | D:1      | Reached skill level 4 in Armour
   190 | D:1      | Found a faded altar of an unknown god.
   198 | D:1      | Reached XP level 2. HP: 27/27 MP: 1/1
   818 | D:2      | Reached XP level 3. HP: 26/33 MP: 0/2
  1886 | D:2      | Reached XP level 4. HP: 40/40 MP: 1/3
  2159 | D:2      | Gained mutation: Your system is resistant to poisons.
                  | (rPois) [potion of mutation]
  2289 | D:3      | Found an iron altar of Okawaru.
  2303 | D:3      | Became a worshipper of Warmaster Okawaru
  2475 | D:3      | Lost mutation: Your system is resistant to poisons. (rPois)
                  | [potion of mutation]
  2475 | D:3      | Gained mutation: You do not regenerate when monsters are
                  | visible. [potion of mutation]
  2475 | D:3      | Gained mutation: You are weak. (Str -2) [potion of
                  | mutation]
  2475 | D:3      | Gained mutation: Your spells are a little harder to cast,
                  | but a little more powerful. [potion of mutation]
  2500 | D:3      | Reached skill level 1 in Dodging
  2528 | D:3      | Reached XP level 5. HP: 25/46 MP: 0/4
  3125 | D:3      | Lost mutation: You do not regenerate when monsters are
                  | visible. [potion of mutation]
  3125 | D:3      | Lost mutation: Your spells are a little harder to cast, but
                  | a little more powerful. [potion of mutation]
  3125 | D:3      | Lost mutation: You are weak. (Str -2) [potion of mutation]
  3125 | D:3      | Gained mutation: Your muscles are strong. (Str +4, Int/Dex
                  | -1) [potion of mutation]
  3125 | D:3      | Gained mutation: You have sharp toenails. [potion of
                  | mutation]
  3448 | D:4      | Noticed Duvessa
  3449 | D:4      | Noticed Dowan
  3617 | D:3      | Reached skill level 5 in Armour
  3701 | D:3      | Killed Duvessa
  3702 | D:3      | Reached XP level 6. HP: 26/53 MP: 0/5
  4050 | D:3      | Slain by Dowan

Illustrated notes

Levels and vault maps discovered:
D:1:      arrival_aquarium_b, layout_basic, chequers_ecumenical_altar_twisty
D:2:      minmay_alternating_diamond, layout_basic
D:3:      layout_loops_ring, amcnicky_altar_gilded, columned_hall_lemuel,
          minmay_pentangle
D:4:      layout_gridville, brannock_xom_greatest_gift,
          mainiacjoe_overflow_small_starburst,
          mainiacjoe_overflow_surrounded_room, corexii_corridor_pit,
          minmay_manual_mandibuliform, uniq_robin, uniq_duvessa, uniq_grinder

Skill      XL: |  1  2  3  4  5 |
---------------+----------------+-----
Armour         | 4 5 |  5.6
Shields        | 4 |  4.6
Fighting       | 4 |  4.5
Maces & Flails | 3 4 |  4.8
Dodging        | 1 |  1.9
Stealth        | |  0.7

Action                   |  1- 3 |  4- 6 || total
-------------------------+-------+-------++-------
Melee: Flail             |    93 |    96 ||   189
       Headbutt          |     9 |    13 ||    22
       Kick              |       |     8 ||     8
       Unarmed           |       |     1 ||     1
  Use: Scroll            |       |     8 ||     8
       Potion            |       |     9 ||     9
Armor: Scale mail        |    54 |    45 ||    99
       Skin              |       |    10 ||    10
Dodge: Dodged            |    49 |    58 ||   107
Block: Buckler           |    32 |    31 ||    63
